 Dungeon Crawl Stone Soup version 0.30-a0-937-ga0a21ad780 (webtiles) character file.

Game seed: 489922815497572680

9 iguanaiguana the Digger (level 2, -2/21 HPs)
             Began as an Armataur Earth Elementalist on Mar 24, 2023.
             Slain by a sleepcap (20 damage)
             ... on level 4 of the Dungeon.
             The game lasted 00:01:28 (208 turns).

iguanaiguana the Digger (AtEE)                       Turns: 208, Time: 00:01:29

Health: -2/21      AC:  4    Str: 13    XL:     2   Next: 3%
Magic:  0/4        EV:  1    Int: 15    God:
Gold:   44         SH:  0    Dex: 10    Spells: 3/4 levels left

rFire   . . .      SeeInvis .    f - +3 long sword (holy)
rCold   . . .      Faith    .    (no shield)
rNeg    . . .      Spirit   .    a - +0 robe
rPois   .          Reflect  .    (no helmet)
rElec   .          Roll     +    (no cloak)
rCorr   .                        (no gloves)
Will    .....                    (no barding)
Stlth   ++                       (no amulet)
HPRegen 0.23/turn                (no ring)
MPRegen 0.09/turn                (no ring)

@: sleeping
A: large, rugged brown scales 3, deformed body, armoured tail, roll, long
tongue, awkward tongue
a: no special abilities


You were on level 4 of the Dungeon.
You visited 1 branch of the dungeon, and saw 4 of its levels.

You collected 44 gold pieces.

Inventory:

Hand Weapons
 c - a +0 whip
 f - a +3 long sword of holy wrath (weapon)
Armour
 a - a +0 robe (worn)
Scrolls
 d - a scroll of enchant weapon {unknown}
 e - a scroll of immolation {unknown}
Potions
 b - a potion of magic
 g - a potion of might {unknown}
 h - a potion of flight {unknown}


   Skills:
 - Level 1.3 Dodging
 - Level 2.1 Stealth
 - Level 1.7 Spellcasting
 - Level 0.8 Transmutations
 + Level 3.2 Earth Magic


You had 3 spell levels left.
You knew the following spells:

 Your Spells              Type           Power      Damage    Failure   Level
a - Sandblast             Erth           22%        2d7       6%          1

Your spell library contained the following spells:

 Spells                   Type           Power      Damage    Failure   Level
 Passwall                 Tmut/Erth      5%         N/A       14%         2
 Stone Arrow              Conj/Erth      12%        3d7       34%         3
 Petrify                  Tmut/Erth      7%         N/A       67%         4


Dungeon Overview and Level Annotations

Branches:
Dungeon (4/15) Zot: 23785
 Temple: D:4-7

Altars:

Shops:
D:2 [


Innate Abilities, Weirdness & Mutations

You are completely covered in rugged brown scales. (AC +3, +7% HP)
Armour fits poorly on your strangely shaped body.
You have a long armoured tail.
You roll when moving toward enemies. (Rampage)
Your long tongue fully drains potion bottles. (2x potion effects)
Your tongue gives you trouble enunciating. (1.5x scroll delay)


Message History

There is a stone staircase leading up here.
Found 14 gold pieces.
g - a sedimented pink potion You now have 38 gold pieces (gained 14).
Found a blue potion.
Found 6 gold pieces.
h - a blue potion A sleepcap comes into view.
The sleepcap moves out of view.
You now have 44 gold pieces (gained 6).
There are no items here.
Casting: Sandblast (safe; 6% risk of failure)
Confirm with . or Enter, or press ? or * to list all spells.
Aiming: Sandblast (safe; 6% risk of failure)
Press: ? - help, Shift-Dir - straight line, f - sleepcap
Aim: a sleepcap (wandering, hasn't noticed you, 100% to hit)
Casting: Sandblast (safe; 6% risk of failure)
Confirm with . or Enter, or press ? or * to list all spells.
Aiming: Sandblast (safe; 6% risk of failure)
Press: ? - help, Shift-Dir - straight line, f/p - sleepcap
Aim: a sleepcap (100% to hit)
Casting: Sandblast (safe; 6% risk of failure)
Confirm with . or Enter, or press ? or * to list all spells.
Aiming: Sandblast (safe; 6% risk of failure)
Press: ? - help, Shift-Dir - straight line, f/p - sleepcap
Aim: a sleepcap (100% to hit)
The blast of sand hits the sleepcap.
The sleepcap is lightly damaged.
Casting: Sandblast (safe; 6% risk of failure)
Confirm with . or Enter, or press ? or * to list all spells.
Aiming: Sandblast (safe; 6% risk of failure)
Press: ? - help, Shift-Dir - straight line, f/p - sleepcap
Aim: a sleepcap (lightly damaged, 100% to hit)
The sleepcap is lightly damaged.
The sleepcap releases spores at you.
You are engulfed in a cloud of soporific spores!
You fall asleep.
The sleepcap releases spores at you!!
Ouch! That really hurt!
You die...

##...#..........
#........## .#
#.........##.#
#.....#..#.#.#.####
#....##..##<.......
#.#......###.######
#.#####.## .....
#.#####.####..##
#........@f....#
#.........>....#
##.####.#####..#
#.# ...# ..#
#.#.#### #.# #.#
#.# #.


You could see a sleepcap.

Vanquished Creatures
  A ball python (D:2)
  A bat (D:2)
  2 hobgoblins (D:3)
  2 kobolds (D:1)
  2 rats
8 creatures vanquished.

Vanquished Creatures (others)
  3 toadstools (D:1)
3 creatures vanquished.

Grand Total: 11 creatures vanquished

Notes
Turn   | Place    | Note
-------+----------+-------------------------------------------
     0 | D:1      | iguanaiguana the Armataur Earth Elementalist began the
                  | quest for the Orb.
     0 | D:1      | Reached XP level 1. HP: 14/14 MP: 3/3
     7 | D:1      | You fall into a shaft and drop 1 floor!
     7 | D:2      | Found Umeovveu's Armour Shop.
    71 | D:1      | Reached skill level 3 in Earth Magic
   162 | D:3      | Reached XP level 2. HP: 14/21 MP: 2/4
   208 | D:4      | Slain by a sleepcap

Illustrated notes

Levels and vault maps discovered:
D:1:      dpeg_arrival_tiny_f, layout_basic, minmay_gold_behind_fungi
D:2:      layout_basic, serial_shops, nicolae_shop_competitors_out_of_business,
          nicolae_shop_vocational
D:3:      layout_basic, grunt_ministairs_15, minmay_misc_feat_four_crosses
D:4:      layout_loops_ring, glass_columns_a

Skill      XL: |  1 |
---------------+----+-----
Earth Magic    | 3 |  3.2
Dodging        | |  1.3
Stealth        | |  2.1
Spellcasting   | |  1.7
Transmutations | |  0.8

Action                     || total
---------------------------++-------
  Melee: Whip              ||    14
         Unarmed           ||     4
         Long sword        ||     2
         Tailslap          ||     2
   Cast: Sandblast         ||    10
 Armour: Robe              ||    23
  Dodge: Dodged            ||    15

Table legend: (Time is in decaauts)
 A = Elapsed time spent in this place.
 B = Non-inter-level travel time spent in this place.
 C = Inter-level travel time spent in this place.
 D = Time resting spent in this place.
 E = Time spent auto-exploring this place.
 F = Levels seen in this place.
 G = Mean time per level.
                   A        B        C        D        E       F      G
               +--------+--------+--------+--------+--------+-----+--------+
         Total |    213 |    202 |     11 |      0 |      0 |   4 |   53.2 |
       Dungeon |    213 |    202 |     11 |      0 |      0 |   4 |   53.2 |
               +--------+--------+--------+--------+--------+-----+--------+

Top non-repeatable levels by time:
     D:2: 70 daAuts
     D:3: 63 daAuts
     D:1: 45 daAuts
     D:4: 34 daAuts
